 Dungeon Crawl Stone Soup version 0.28.0-62-gf88900778d (webtiles) character file.

Game seed: 716041131947480097

11527 cbfl8 the Cleaver (level 11, -7/94 HPs)
             Began as a Minotaur Fighter on June 30, 2023.
             Was a High Priest of Okawaru.
             Killed from afar by a starcursed mass (13 damage)
             ... with an accursed screaming
             ... on level 2 of the Abyss.
             The game lasted 00:15:56 (11931 turns).

cbfl8 the Cleaver (Minotaur Fighter)               Turns: 11931, Time: 00:15:57

Health: -7/94      AC: 14    Str: 15 (17) XL:     11   Next: 50%
Magic:  10/11      EV:  9    Int:  3 (5)  God:    Okawaru [*****.]
Gold:   533        SH:  7    Dex: 17 (20) Spells: 10/10 levels left

rFire   . . .      SeeInvis .   D - +6 war axe (freeze)
rCold   . . .      Faith    .   c - +0 buckler
rNeg    . . .      Spirit   .   L - +0 plate armour
rPois   +          Reflect  .   (helmet restricted)
rElec   .          Harm     .   k - scarf {repulsion}
rCorr   .          Rampage  .   z - +0 pair of gloves
Will    .....                   F - +0 pair of boots {Fly}
Stlth   ..........              o - amulet of regeneration
HPRegen 0.00/turn               u - +6 ring of dexterity
MPRegen 0.12/turn               y - ring of poison resistance

@: heroic, sick, flying, repel missiles
A: horns 2, retaliatory headbutt, [deformed body], [deterioration 2], [weak 2]
a: Renounce Religion, Heroism, Finesse, Duel


You were on level 2 of the Abyss.
You worshipped Okawaru.
Okawaru was extremely pleased with you.
You visited 2 branches of the dungeon, and saw 12 of its levels.
You visited the Abyss 1 time.
You also visited: Sewer.

You collected 533 gold pieces.

Inventory:

Hand Weapons
 a - a +0 war axe of flaming
 D - a +6 war axe of freezing (weapon)
 J - the +6 war axe of Tizuguk {vorpal, rC+}
   (You found it on level 10 of the Dungeon)

   It inflicts extra damage upon your enemies.
   rC:        It protects you from cold.
Missiles
 m - 2 throwing nets
Armour
 c - a +0 buckler (worn)
 k - a scarf of repulsion (worn)
 z - a +0 pair of gloves (worn)
 F - a +0 pair of boots of flying (worn)
 L - a +0 plate armour (worn)
Jewellery
 o - an amulet of regeneration (around neck)
 u - a +6 ring of dexterity (left hand)
 y - a ring of poison resistance (right hand)
 B - a ring of protection from fire
Wands
 b - a wand of mindburst (1)
 d - a wand of iceblast (19)
 f - a wand of paralysis (4)
 j - a wand of polymorph (12)
 x - a wand of flame (30)
Scrolls
 e - a scroll of magic mapping
 i - a scroll of blinking
 p - a scroll of enchant armour
 q - a scroll of acquirement {unknown}
 t - 2 scrolls of fear
 A - a scroll of noise
 I - 2 scrolls of fog {unknown}
Potions
 h - 3 potions of brilliance {unknown}
 l - a potion of berserk rage {unknown}
 n - 2 potions of attraction {unknown}
 r - a potion of lignification {unknown}
 s - 2 potions of haste
 w - 3 potions of flight
 C - 3 potions of curing
 E - a potion of resistance {unknown}
 G - a potion of magic {unknown}
 H - a potion of cancellation {unknown}


   Skills:
 + Level 8.1(13.1) Fighting
 + Level 13.2(18.2) Axes
 * Level 9.5(14.5) Armour
 * Level 4.2(9.2) Dodging
 * Level 2.5(7.5) Stealth
 * Level 7.5(12.5) Shields
 * Level 1.9 Invocations
 * Level 7.5 Evocations


You had 10 spell levels left.
You didn't know any spells.
Your spell library contained the following spells:

 Spells                   Type           Power      Damage    Failure   Level
 Magic Dart               Conj           0%         1d3       100%        1
 Searing Ray              Conj           0%         2d4       100%        2
 Sublimation of Blood     Necr           0%         N/A       100%        2
 Mephitic Cloud           Conj/Pois/Air  0%         N/A       100%        3
 Ozocubu's Armour         Ice            0%         N/A       100%        3
 Portal Projectile        Hex/Tloc       0%         N/A       100%        3
 Airstrike                Air            0%         N/A       100%        4
 Cause Fear               Hex            0%         N/A       100%        4
 Fulminant Prism          Conj/Hex       0%         3d6       100%        4
 Iskenderun's Mystic Bla  Conj/Tloc      0%         2d3       100%        4
 Leda's Liquefaction      Hex/Erth       0%         N/A       100%        4
 Petrify                  Tmut/Erth      0%         N/A       100%        4
 Irradiate                Conj/Tmut      0%         3d13      100%        5
 Lee's Rapid Deconstruct  Erth           0%         3d5*      100%        5
 Lightning Bolt           Conj/Air       0%         1d11      100%        5
 Dragon Form              Tmut           0%         N/A       100%        7
 Ozocubu's Refrigeration  Ice            0%         4d5       100%        7
 Call Imp                 Summ           Unusable   N/A       N/A         2
 Call Canine Familiar     Summ           Unusable   N/A       N/A         3
 Summon Lightning Spire   Summ/Air       Unusable   N/A       N/A         4
 Dragon's Call            Summ           Unusable   N/A       N/A         9

Dungeon Overview and Level Annotations

Branches:
Dungeon (11/15)            Temple (1/1) D:5            Lair (0/6) D:8
  Sewer (visited)
    Orc: D:9-12

Altars:
Ashenzari
Cheibriados
Dithmenos
Elyvilon
Fedhas
Gozag
Hepliaklqana
Kikubaaqudgha
Makhleb
Nemelex Xobeh
Okawaru
Qazlal
Ru
Sif Muna
Trog
Uskayaw
Vehumet
Wu Jian
Xom
Yredelemnul
Zin
The Shining One

Annotations:
D:11 Psyche


Innate Abilities, Weirdness & Mutations

You have a pair of horns on your head.
You reflexively headbutt those who attack you in melee.
[Armour fits poorly on your strangely shaped body.]
[Your body often deteriorates upon taking damage.]
[You are very weak. (Str -4)]


Message History

* * * LOW HITPOINT WARNING * * *
You feel ill.
You slash the ancient zyme! You freeze the ancient zyme.
You headbutt the ancient zyme.
The ancient zyme is moderately damaged.
A chorus of shrieks assaults your mind.
* * * LOW HITPOINT WARNING * * *
The orange demon stings you from afar.
* * * LOW HITPOINT WARNING * * *
A starcursed mass splits.
You slash the ancient zyme! You freeze the ancient zyme.
You headbutt the ancient zyme!
The ancient zyme is severely damaged.
The ancient zyme hits you but does no damage.
The ancient zyme barely misses you.
You slash the ancient zyme! You freeze the ancient zyme.
The ancient zyme is almost destroyed.
You slash the worldbinder! You freeze the worldbinder.
The worldbinder hits you but does no damage.
You block the worldbinder's attack. Something hits you.
* * * LOW HITPOINT WARNING * * *
The orange demon closely misses you.
A starcursed mass splits.
The ancient zyme hits you but does no damage. x2
You hit the ancient zyme. You freeze the ancient zyme.
You destroy the ancient zyme!
That felt strangely unrewarding.
You hit the worldbinder. You freeze the worldbinder. You barely miss something.
Something hits you but does no damage.
The worldbinder hits you but does no damage. x2
You block the orange demon's attack.
A starcursed mass splits. x2
Something hits you but does no damage. You block something's attack.
The worldbinder hits you.
* * * LOW HITPOINT WARNING * * *
The worldbinder hits you but does no damage.
The purple very ugly thing disappears in a puff of smoke!
Something hits you but does no damage.
The ironbound thunderhulk disappears in a puff of smoke!
Something hits you but does no damage.
A deafening chorus of shrieks assaults your mind!
You die...

. u. . * . #..# . # #
# ..##..# ##. .## . ..
....... ... . . ...
............ . #..
#..##..##.. #..# .
##..##..##..##..##..
#. ...................
.. .......@.........
##..##.x##..##..
##..##X4##..##..##
.................. ..
X......XX.X.........
#.. #..##.4##.X##X.##.
## #..##..##..##§.#
..##.. ......5...§...
........
......................


You could see 5 starcursed masses, 2 orange demons, a worldbinder and a shadow
imp.

Vanquished Creatures
  A boulder beetle (D:11)
  A two-headed ogre (D:5)
  A wretched star (Abyss:1)
  An ugly thing (D:10)
  A worldbinder (Abyss:1)
  2 cyclopes (D:11)
  A smoke demon (Abyss:1)
  Joseph (D:7)
  2 orange demons (Abyss:2)
  A kobold demonologist (D:10)
  2 ancient zymes (Abyss:2)
  A silent spectre (Abyss:1)
  Grinder (D:5)
  2 hornets (D:10)
  2 shadows
  12 yaks
  A vampire (D:9)
  2 wyverns
  A chaos spawn (Abyss:1)
  2 small abominations
  3 water moccasins
  3 orc warriors
  2 ice beasts
  2 black bears
  4 necrophages
  3 ogres
  3 centaurs
  A phantom (D:5)
  3 bullfrogs
  5 kobold brigands
  A wyvern zombie (D:9)
  A gnoll sergeant (D:9)
  A water moccasin skeleton (D:5)
  4 killer bees (D:11)
  4 wights (D:7)
  8 howler monkeys
  A jelly (D:6)
  3 bullfrog zombies
  An iron imp (Abyss:1)
  5 centaur zombies
  3 hounds
  5 bullfrog skeletons
  7 orc priests
  A centaur skeleton (D:7)
  A gnoll shaman (D:6)
  8 iguanas
  Jessica (D:2)
  Terence (D:2)
  10 orc wizards
  A killer bee zombie (D:8)
  A hound zombie (D:5)
  2 howler monkey zombies
  5 adders
  14 gnolls
  2 river rats
  2 white imps
  5 ufetubi
  An adder skeleton (D:4)
  2 worms (D:4)
  A dart slug (D:5)
  24 orcs
  7 ball pythons
  6 endoplasms
  5 giant cockroaches
  5 goblins
  8 hobgoblins
  A jackal (Sewer)
  31 kobolds
  4 quokkas
  5 bats
  6 frilled lizards
  9 rats
  A lurking horror (Abyss:2)
281 creatures vanquished.

Vanquished Creatures (others)
  A kobold (D:10)
  A fungus (D:8)
  A lurking horror (Abyss:2)
  6 plants
  6 starspawn tentacles (Abyss:1)
15 creatures vanquished.

Grand Total: 296 creatures vanquished

Notes
Turn   | Place    | Note
-------+----------+-------------------------------------------
     0 | D:1      | cbfl8 the Minotaur Fighter began the quest for the Orb.
     0 | D:1      | Reached XP level 1. HP: 19/19 MP: 0/0
   122 | D:1      | Reached XP level 2. HP: 17/27 MP: 1/1
   574 | D:1      | Found a faded altar of an unknown god.
   777 | D:1      | Reached XP level 3. HP: 28/33 MP: 2/2
   993 | D:2      | Noticed Jessica
   996 | D:2      | Noticed Terence
   999 | D:2      | Killed Jessica
  1000 | D:2      | Reached skill level 3 in Axes
  1000 | D:2      | Reached skill level 1 in Evocations
  1005 | D:2      | Killed Terence
  1006 | D:2      | Reached XP level 4. HP: 24/40 MP: 3/3
  1622 | D:2      | Reached XP level 5. HP: 7/46 MP: 4/4
  2544 | D:3      | Reached skill level 4 in Axes
  2631 | D:3      | Reached skill level 1 in Dodging
  2773 | D:3      | Noticed an ogre
  2780 | D:3      | Killed an ogre
  2781 | D:3      | Reached XP level 6. HP: 38/53 MP: 5/5
  3196 | D:4      | Reached skill level 5 in Armour
  3274 | D:4      | Found a glowing drain.
  3278 | Sewer    | Entered a sewer
  3351 | Sewer    | Reached skill level 5 in Axes
  3370 | Sewer    | Found a white marble altar of Elyvilon.
  3486 | D:4      | Found a hide-covered altar of Uskayaw.
  3488 | D:4      | Noticed a +0 dagger
  3488 | D:4      | Noticed a +0 hand axe
  3754 | D:4      | Reached XP level 7. HP: 57/60 MP: 6/6
  3978 | D:5      | Entered Level 5 of the Dungeon
  4034 | D:5      | Found a staircase to the Ecumenical Temple.
  4090 | D:5      | Noticed Grinder
  4096 | D:5      | Paralysed by Grinder for 7 turns
  4113 | D:5      | Killed Grinder
  4114 | D:5      | Reached skill level 5 in Fighting
  4114 | D:5      | Reached skill level 6 in Axes
  4164 | D:5      | Reached skill level 1 in Stealth
  4175 | D:5      | Reached skill level 7 in Axes
  4749 | Temple   | Entered the Ecumenical Temple
  4925 | D:5      | Reached XP level 8. HP: 68/68 MP: 7/7
  4928 | D:5      | Found a blossoming altar of Fedhas.
  5149 | D:5      | Found a snail-covered altar of Cheibriados.
  5446 | D:6      | Noticed a two-headed ogre
  5480 | D:6      | Reached skill level 8 in Axes
  5529 | D:6      | Reached skill level 5 in Shields
  5586 | D:6      | Reached XP level 9. HP: 66/75 MP: 8/8
  5683 | D:5      | Reached skill level 9 in Axes
  5691 | D:5      | Killed a two-headed ogre
  5692 | D:5      | Reached skill level 5 in Evocations
  5860 | D:6      | Reached skill level 10 in Axes
  5889 | D:6      | Found an ornate altar of the Wu Jian Council.
  6544 | D:7      | Found a sacrificial altar of Ru.
  6674 | D:7      | Found a white marble altar of Elyvilon.
  6754 | D:7      | Found an iron altar of Okawaru.
  6807 | D:7      | Reached XP level 10. HP: 84/84 MP: 9/9
  6811 | D:7      | Became a worshipper of Warmaster Okawaru
  6944 | D:7      | Reached skill level 11 in Axes
  7022 | D:7      | Found a sparkling altar of Nemelex Xobeh.
  7023 | D:7      | Found a radiant altar of Vehumet.
  7035 | D:7      | Noticed Joseph
  7044 | D:7      | Killed Joseph
  7044 | D:7      | Reached * piety under Okawaru
  7709 | D:8      | Reached ** piety under Okawaru
  8053 | D:8      | Found a staircase to the Lair.
  8082 | D:8      | Found a bloodstained altar of Trog.
  8581 | D:9      | Reached skill level 12 in Axes
  9015 | D:9      | Reached *** piety under Okawaru
  9202 | D:10     | Entered Level 10 of the Dungeon
  9202 | D:10     | Found a shimmering blue altar of Sif Muna.
  9491 | D:10     | Identified the +6 war axe of Tizuguk {vorpal, rC+}
  9584 | D:10     | Reached XP level 11. HP: 91/94 MP: 10/10
  9621 | D:10     | Noticed a white ugly thing
  9629 | D:10     | Killed a white ugly thing
  9629 | D:10     | Reached **** piety under Okawaru
  9776 | D:10     | Found a glowing silver altar of Zin.
  9776 | D:10     | Noticed an angel
  9945 | D:11     | Noticed a boulder beetle
 10328 | D:11     | Killed a boulder beetle
 10342 | D:11     | Reached skill level 13 in Axes
 10390 | D:11     | Reached skill level 1 in Invocations
 10841 | D:11     | Reached ***** piety under Okawaru
 11122 | D:11     | Noticed Psyche
 11124 | D:11     | Cast into level 1 of the Abyss (Psyche)
 11236 | Abyss:1  | Noticed a wretched star
 11237 | Abyss:1  | Noticed a wretched star
 11280 | Abyss:1  | Noticed a sixfirhy
 11400 | Abyss:1  | Noticed a wretched star
 11416 | Abyss:1  | Killed a wretched star
 11460 | Abyss:1  | Found a corrupted altar of Lugonu.
 11505 | Abyss:1  | Noticed a tentacled starspawn
 11506 | Abyss:1  | Noticed a green very ugly thing
 11708 | Abyss:1  | Noticed a shining eye
 11720 | Abyss:1  | Noticed a green ugly thing
 11742 | Abyss:1  | Noticed a spatial maelstrom
 11742 | Abyss:1  | Noticed a tentacled starspawn
 11849 | Abyss:2  | Found a corrupted altar of Lugonu.
 11885 | Abyss:2  | Noticed a starcursed mass
 11889 | Abyss:2  | Noticed a wretched star
 11893 | Abyss:2  | Noticed an ironbound thunderhulk
 11894 | Abyss:2  | Noticed a green very ugly thing
 11894 | Abyss:2  | Noticed an ironbound thunderhulk
 11907 | Abyss:2  | Noticed a green very ugly thing
 11917 | Abyss:2  | Noticed an ironbound thunderhulk
 11917 | Abyss:2  | Noticed an ironbound thunderhulk
 11919 | Abyss:2  | Noticed a purple very ugly thing
 11919 | Abyss:2  | Noticed a starcursed mass
 11931 | Abyss:2  | Killed from afar by a starcursed mass

Illustrated notes

Levels and vault maps discovered:
D:1:      dpeg_arrival_refuge, layout_basic, dreamdust_ecumenical_altar_statues,
          minmay_misc_feat_square, minivault_26, minmay_tetromino_s4
D:2:      layout_basic, amcnicky_mini_pool_small, uniq_jessica, uniq_terence
D:3:      minmay_skewed_foursquare, layout_rooms, serial_curves, eino_curves_01,
          eino_curves_03, chequers_serial_rivers_micro_a
D:4:      layout_basic, dancing_weapons_uskayaw, gup_sewer_entry_spiral,
          hangedman_decor_peaks_small, serial_bayou_ford_a,
          hangedman_abyss_or_decor_slice
D:5:      layout_basic, fedhas_altar_2, kennysheep_slug_shrine,
          minmay_temple_entry_enclosed_plants, uniq_grinder
D:6:      kennysheep_windowed_halls, layout_loops_ring,
          nicolae_wu_jian_wuxing_cycle
D:7:      layout_cave_pods, nicolae_ru_great_annihilating_truth,
          chequers_temple_overflow_statue_of_worship, okawaru_trees_1,
          mainiacjoe_overflow_brackets, uniq_joseph
D:8:      layout_basic, lemuel_round_altar, dpeg_oklobed_lair
D:9:      layout_loops_corners
D:10:     layout_loops_cross, nicolae_sif_muna_condensation, zin_angel
D:11:     layout_layer_cave, uniq_psyche
Temple:   eino_wide_crystal_templ
Abyss:2:  base: D:8, hangedman_abyss_sting, hangedman_decor_points

Skill      XL: |  1  2  3  4  5  6  7  8  9 10 11 |
---------------+----------------------------------+-----
Armour         | 4 5 6 7 8 9 |  9.5
Fighting       | 4 5 6 7 8 |  8.1
Axes           | 3 4 5 7 8 10 12 13 | 13.2
Shields        | 4 5 6 7 |  7.5
Evocations     | 1 2 3 4 6 7 |  7.5
Dodging        | 1 2 3 4 |  4.2
Stealth        | 1 2 |  2.5
Invocations    | 1 |  1.9

Action                   |  1- 3 |  4- 6 |  7- 9 | 10-12 || total
-------------------------+-------+-------+-------+-------++-------
Melee: War axe           |    59 |   142 |   208 |   315 ||   724
       Headbutt          |    10 |    22 |    45 |    79 ||   156
Invok: Heroism           |       |       |       |     1 ||     1
Evoke: Wand              |       |       |     6 |    11 ||    17
  Use: Potion            |       |     1 |     1 |     4 ||     6
       Scroll            |       |     4 |     5 |    15 ||    24
 Stab: Paralysed         |       |       |       |     4 ||     4
Armor: Scale mail        |    35 |    26 |       |       ||    61
       Chain mail        |       |    41 |   112 |    90 ||   243
       Plate armour      |       |       |       |    97 ||    97
Dodge: Dodged            |    30 |    57 |    74 |   115 ||   276
       Repelled          |       |       |       |     3 ||     3
Block: Buckler           |    11 |    29 |    75 |    93 ||   208
